 Dungeon Sprint DCSS version 0.22-a0-271-gc000056 (webtiles) character file.

137 Conn321 the Firebug (level 5, -2/33 HPs)
             Began as an Octopode Fire Elementalist on Mar 11, 2018.
             Was a Priest of Sif Muna.
             Slain by a four-headed hydra (11 damage)
             ... in the Dungeon (Sprint VII: "The Pits").
             The game lasted 00:04:12 (678 turns).

Conn321 the Firebug (Octopode Fire Elementalist)     Turns: 678, Time: 00:04:13

Health: -2/33      AC:  1    Str:  8    XL:     5   Next: 20%
Magic:  4/11       EV: 15    Int: 18    God:    Sif Muna [***...]
Gold:   0          SH:  0    Dex: 12    Spells: 4/12 levels left

rFire    . . .     SeeInvis .   a - +2 dagger (venom)
rCold    . . .     Gourm    .   (no shield)
rNeg     . . .     Faith    .   (helmet restricted)
rPois    .         Spirit   .   (no amulet)
rElec    .         Reflect  .   (no ring)
rCorr    .         Harm     .   (no ring)
MR       .....     NoTele   +   (no ring)
Stlth    ++++......             (no ring)
HPRegen  0.11/turn              (no ring)
MPRegen  0.12/turn              (no ring)
                                (no ring)
                                (no ring)

@: invisible
A: almost no armour, stealthy swim, amphibious, 8 rings, constrict 8, camouflage
1, gelatinous body 1
a: Divine Energy, Channel Magic, Renounce Religion


You were in the Dungeon.
You worshipped Sif Muna.
Sif Muna was most pleased with you.
You were not hungry.

You visited 1 branch

Inventory:

Hand Weapons
 a - a +2 dagger of venom (weapon)
 b - a +1 long sword of holy wrath
Scrolls
 h - a scroll of blinking
 l - 3 scrolls of remove curse
 m - 5 scrolls of amnesia
 n - a scroll of summoning
Potions
 c - 6 potions of curing
 d - 6 potions of heal wounds
 e - a potion of haste
 f - 4 potions of magic
 g - 3 potions of berserk rage
 k - a potion of invisibility
Comestibles
 o - 16 chunks of flesh
 p - 9 rations


   Skills:
 + Level 1.3 Fighting
 + Level 0.9 Short Blades
 + Level 4.3 Dodging
 - Level 6.6 Stealth
 * Level 4.1 Spellcasting
 * Level 1.9 Conjurations
 * Level 7.0 Fire Magic


You had 4 spell levels left.
You knew the following spells:

 Your Spells              Type           Power        Failure   Level  Hunger
a - Flame Tongue          Conj/Fire      ###..        2%          1    None
b - Conjure Flame         Conj/Fire      ###.....     7%          3    ###....
c - Sticky Flame          Conj/Fire      ###.....     22%         4    ####...


Dungeon Overview and Level Annotations

Branches:
Dungeon (1/1)

Altars:
Ashenzari
Cheibriados
Dithmenos
Elyvilon
Fedhas
Gozag
Hepliaklqana
Kikubaaqudgha
Makhleb
Nemelex Xobeh
Okawaru
Qazlal
Ru
Sif Muna
Trog
Uskayaw
Vehumet
Wu Jian
Xom
Yredelemnul
Zin
The Shining One
Beogh
Jiyva
Lugonu


Innate Abilities, Weirdness & Mutations

You cannot wear most types of armour.
You are very stealthy in the water. (Stealth+)
You are amphibious.
You can wear up to eight rings at the same time.
You can use your tentacles to constrict eight enemies at once.
Your skin changes colour to match your surroundings (Stealth+).
Your rubbery body absorbs attacks. (AC +1, EV +1)


Message History

Aiming: Flame Tongue (safe; 2% risk of failure)
Press: ? - help, Shift-Dir - straight line, f - four-headed hydra
Aim: a four-headed hydra (heavily wounded)
The flame tongue hits the four-headed hydra.
The four-headed hydra is severely wounded.
The four-headed hydra is engulfed in blazing flames.
Some of the chunks of flesh in your inventory have rotted away.
Items here: )) [[[ รทรท
Okay, then.
Press: ? - help, v - describe, . - travel
Here: a four-headed hydra (severely wounded)
The floor.
Unknown command.
There is an open door here.
There is an open door here.
You fade into invisibility!
The four-headed hydra bites you. The four-headed hydra bites you!
* * * LOW HITPOINT WARNING * * *
The four-headed hydra bites you!
You die...

############
#_________.#
#_________.#
#_______...##########
##########'##........
#.?(.').)'.##......#.
##########.##........
#..D@.......'........
#'#####'#####......#.
#.#..#..#..##........
#.#).'..'..#####'####
#.##'####'###.......#
#.#........##.......#
#.#....)...##.......#
#.#####)#####...<...#
#.#...).)[.##.......#


You could see a four-headed hydra.

Vanquished Creatures
  A floating eye (D)
  An ufetubus (D)
  An adder zombie (D)
  3 orcs (D)
  2 bats (D)
  A giant cockroach (D)
  A hobgoblin (D)
  6 jackals (D)
  A quokka (D)
  2 frilled lizards (D)
  A kobold (D)
  A leopard gecko zombie (D)
  A rat (D)
22 creatures vanquished.

Vanquished Creatures (others)
  A pearl dragon (D)
  A red draconian (D)
  An eidolon (D)
  A fire dragon (D)
  An iron troll (D)
5 creatures vanquished.

Grand Total: 27 creatures vanquished

Notes
Turn   | Place    | Note
-------+----------+-------------------------------------------
     0 | D        | Conn321 the Octopode Fire Elementalist began the quest for the Orb.
     0 | D        | Reached XP level 1. HP: 11/11 MP: 3/3
    14 | D        | Killed an eidolon
    22 | D        | Killed a pearl dragon
    33 | D        | Killed a red draconian
    48 | D        | Found a bloodstained altar of Trog.
    48 | D        | Found a deep blue altar of Sif Muna.
    48 | D        | Found a viscous altar of Jiyva.
    48 | D        | Found a hazy altar of Hepliaklqana.
    48 | D        | Found an opulent altar of Gozag.
    49 | D        | Found a glowing golden altar of the Shining One.
    49 | D        | Found a glowing silver altar of Zin.
    49 | D        | Found a basalt altar of Yredelemnul.
    49 | D        | Found a shimmering altar of Xom.
    49 | D        | Found an ornate altar of the Wu Jian Council.
    49 | D        | Found a sacrificial altar of Ru.
    49 | D        | Found a stormy altar of Qazlal.
    49 | D        | Found an iron altar of Okawaru.
    49 | D        | Found a sparkling altar of Nemelex Xobeh.
    49 | D        | Found a burning altar of Makhleb.
    49 | D        | Found a blossoming altar of Fedhas.
    49 | D        | Found a white marble altar of Elyvilon.
    49 | D        | Found a shadowy altar of Dithmenos.
    49 | D        | Found a snail-covered altar of Cheibriados.
    50 | D        | Found a radiant altar of Vehumet.
    50 | D        | Found a corrupted altar of Lugonu.
    50 | D        | Found a roughly hewn altar of Beogh.
    50 | D        | Killed an iron troll
    51 | D        | Found an ancient bone altar of Kikubaaqudgha.
    51 | D        | Found a hide-covered altar of Uskayaw.
    51 | D        | Found a shattered altar of Ashenzari.
    56 | D        | Became a worshipper of Sif Muna the Loreminder
    79 | D        | Reached skill level 4 in Fire Magic
    84 | D        | Reached XP level 2. HP: 3/17 MP: 0/5
   128 | D        | Killed a fire dragon
   350 | D        | Reached * piety under Sif Muna
   410 | D        | Noticed a floating eye
   412 | D        | Killed a floating eye
   412 | D        | Reached ** piety under Sif Muna
   412 | D        | Reached skill level 1 in Fighting
   412 | D        | Reached skill level 6 in Fire Magic
   412 | D        | Reached XP level 3. HP: 23/23 MP: 6/8
   412 | D        | Reached XP level 4. HP: 28/28 MP: 6/9
   412 | D        | Reached XP level 5. HP: 33/33 MP: 6/10
   496 | D        | Learned a level 3 spell: Conjure Flame
   501 | D        | Learned a level 4 spell: Sticky Flame
   637 | D        | Reached *** piety under Sif Muna
   637 | D        | Reached skill level 7 in Fire Magic
   642 | D        | Noticed a four-headed hydra
   678 | D        | Slain by a four-headed hydra

Vault maps used:
D:        pitsprint

Skill      XL: |  1  2  3  4  5 |
---------------+----------------+-----
Stealth        | 3 6 |  6.6
Fire Magic     | 4 6 7 |  7.0
Fighting       | 1 |  1.3
Dodging        | 4 |  4.3
Spellcasting   | 3 4 |  4.1
Short Blades   | |  0.9
Conjurations   | |  1.9

Action                   |  1- 3 |  4- 6 || total
-------------------------+-------+-------++-------
Melee: Dagger            |    16 |    13 ||    29
       Unarmed           |     5 |       ||     5
       Constrict         |     5 |     4 ||     9
       Tentacles         |     3 |     1 ||     4
 Cast: Flame Tongue      |     5 |     8 ||    13
       Conjure Flame     |       |     3 ||     3
       Sticky Flame      |       |     1 ||     1
  Use: Potion            |       |     1 ||     1
 Stab: Sleeping          |     6 |     2 ||     8
Armor: Skin              |     2 |       ||     2
Dodge: Dodged            |    19 |     6 ||    25

Table legend:
 A = Spawn XP
 B = Non-spawn XP
 C = Spawn XP percentage of total XP
 D = Spawn monster count
 E = Non-spawn monster count
 F = Spawn count percentage of total count
 G = Total turns spent on level
                    A         B        C        D         E        F      G
               +---------+---------+-------+---------+---------+-------+---------
         Total |       0 |     197 |   0.0 |       0 |      22 |   0.0 |   678
               +---------+---------+-------+---------+---------+-------+---------
             D |       0 |     197 |   0.0 |       0 |      22 |   0.0 |   678
               +---------+---------+-------+---------+---------+-------+---------
